AoeStats
← OxO

Black Forest

508225155Analyzed
2v2 RM · 11d ago on Sep 21, 2026· 57m 40s· 4 players
Game mode
Random Map
Map size
Medium (4 player)
Population
200
Speed
Normal
Resources
Standard
Victory
Conquest
Starting age
Dark Age
Ending age
Imperial Age
RankedLock teamsTeams togetherTeam positionsShared explorationLock speedFull tech treeHidden civsTurbo modeCheats
Victory
Defeat
🇨🇳 Burmese · China
722
+15
🇧🇪 Turks · Belgium
668
+17
🇫🇷 Mongols · France
696
-16
🇧🇷 Japanese · Brazil
685
-19
UzX NeO
0:38 Loom
12:21 Feudal Age
13:45 Wheelbarrow
12:56 Town Watch
13:11 Double-Bit Axe
13:16 Horse Collar
21:51 Gold Mining
21:57 Stone Mining
24:52 Castle Age
25:24 Forging
25:20 Scale Barding Armor
25:06 Fletching
25:16 Padded Archer Armor
26:05 Hand Cart
25:53 Heavy Plow
26:07 Bow Saw
26:49 Gold Shaft Mining
26:54 Stone Shaft Mining
29:33 Crossbowman
31:58 Iron Casting
31:43 Chain Barding Armor
33:00 Husbandry
33:10 Bloodlines
33:26 Thumb Ring
33:20 Bodkin Arrow
33:41 Leather Archer Armor
36:41 Imperial Age
34:21 Nomads
35:03 Town Patrol
36:51 Arbalester
39:10 Parthian Tactics
40:11 Conscription
40:12 Drill
40:56 Blast Furnace
40:26 Elite Steppe Lancer
43:03 Bracer
44:17 Murder Holes
45:24 Chemistry
44:47 Ballistics
44:51 Masonry
45:12 Capped Ram
46:06 Siege Ram
51:22 Fortified Wall
52:51 Onager
54:20 Siege Onager
TANGO
arexabcu1974
0:47 Loom
14:34 Feudal Age
18:19 Wheelbarrow
17:29 Horse Collar
17:46 Gold Mining
17:47 Stone Mining
21:57 Castle Age
21:00 Fletching
21:10 Padded Archer Armor
22:54 Hand Cart
23:42 Gold Shaft Mining
23:12 Heavy Plow
23:36 Bodkin Arrow
32:55 Imperial Age
31:03 Forging
30:59 Scale Barding Armor
30:55 Scale Mail Armor
30:42 Treadmill Crane
30:58 Murder Holes
33:26 Iron Casting
33:12 Chain Barding Armor
33:46 Ballistics
33:36 Fortified Wall
34:00 Town Watch
34:15 Pikeman
34:55 Squires
34:41 Arson
34:17 Man-at-Arms
34:42 Gambesons
35:21 Conscription
35:02 Howdah
35:02 Manipur Cavalry
35:45 Town Patrol
37:01 Husbandry
38:30 Bloodlines
37:41 Elite Battle Elephant
37:43 Cavalier
37:48 Light Cavalry
38:58 Bracer
39:58 Blast Furnace
39:36 Long Swordsman
39:37 Halberdier
39:55 Elite Arambai
41:42 Chemistry
40:53 Masonry
42:24 Hussar
44:10 Crop Rotation
43:52 Two-Handed Swordsman
45:31 Chain Mail Armor
45:52 Plate Barding Armor
45:53 Architecture
45:35 Champion
OxO
0:58 Loom
Connection lost

Rejoining the realm…

Still unreachable

The connection could not be restored.

Session expired

The server has moved on; the page needs a fresh start.